 Dungeon Crawl Stone Soup version 0.26.0-16-gc1dbca0489 (webtiles) character file.

Game seed: 1170045258807816468

576 kaeus the Sneak (level 7, -2/41 HPs)
             Began as an Octopode Hedge Wizard on Jan 21, 2021.
             Slain by an ice beast (10 damage)
             ... on level 5 of the Dungeon.
             The game lasted 00:07:21 (5693 turns).

kaeus the Sneak (Octopode Hedge Wizard)             Turns: 5693, Time: 00:07:22

Health: -2/41      AC:  9    Str: 10    XL:     7   Next: 35%
Magic:  5/13       EV: 14    Int: 18    God:
Gold:   363        SH:  0    Dex: 11    Spells: 6/14 levels left

rFire    . . .     SeeInvis .   a - +0 dagger
rCold    . . .     Faith    .   (no shield)
rNeg     . . .     Spirit   .   b - +0 hat
rPois    .         Reflect  .   (no amulet)
rElec    .         Harm     .   q - +4 ring of protection
rCorr    .         Rampage  .   l - +4 ring of protection
Will     .....                  (no ring)
Stlth    ++++......             (no ring)
HPRegen  0.13/turn              (no ring)
MPRegen  0.13/turn              (no ring)
                                (no ring)
                                (no ring)

@: no status effects
A: almost no armour, stealthy swim, amphibious, 8 rings, constrict 8, camouflage
1, gelatinous body 1
a: no special abilities


You were on level 5 of the Dungeon.
You visited 1 branch of the dungeon, and saw 5 of its levels.

You collected 363 gold pieces.

Inventory:

Hand Weapons
 a - a +0 dagger (weapon)
Armour
 b - a +0 hat (worn)
Jewellery
 l - a +4 ring of protection (right tentacle)
 m - an uncursed amulet of faith
 q - a +4 ring of protection (left tentacle)
Wands
 t - a wand of paralysis (8)
Scrolls
 d - 10 scrolls of identify
 e - a scroll of teleportation {unknown}
 g - a scroll of enchant armour {unknown}
 k - a scroll of enchant weapon
 r - 2 scrolls of remove curse
 s - a scroll of amnesia {unknown}
Potions
 c - 3 potions of haste {unknown}
 f - a potion of cancellation {unknown}
 h - 2 potions of magic {unknown}
 i - a potion of ambrosia {unknown}
 j - a potion of might {unknown}
 n - a potion of lignification {unknown}
 o - a potion of mutation {unknown}
 p - a potion of flight {unknown}


   Skills:
 + Level 3.7 Dodging
 + Level 5.1 Stealth
 + Level 4.2 Spellcasting
 - Level 2.0 Conjurations
 + Level 3.2 Summonings
 - Level 2.0 Translocations
 - Level 2.0 Air Magic
 - Level 2.0 Poison Magic


You had 6 spell levels left.
You knew the following spells:

 Your Spells              Type           Power        Failure   Level
a - Magic Dart            Conj           40%          6%          1
b - Call Imp              Summ           15%          6%          2
c - Slow                  Hex            3%           22%         2
d - Mephitic Cloud        Conj/Pois/Air  10%          19%         3

Your spell library contained the following spells:

 Spells                   Type           Power        Failure   Level
 Blink                    Tloc           N/A          10%         2
 Conjure Flame            Conj/Fire      7%           28%         3


Dungeon Overview and Level Annotations

Branches:
Dungeon (5/15)
 Temple: D:4-7

Altars:
Kikubaaqudgha
Nemelex Xobeh
Uskayaw
The Shining One

Shops:
D:4 [


Innate Abilities, Weirdness & Mutations

You cannot wear most types of armour.
You are very stealthy in the water. (Stealth+)
You are amphibious.
You can wear up to eight rings at the same time.
You can use your tentacles to constrict eight enemies at once.
Your skin changes colour to match your surroundings (Stealth+).
Your rubbery body absorbs attacks. (AC +1, EV +1)


Message History

Confirm with . or Enter, or press ? or * to list all spells.
Aiming: Slow (safe; 22% risk of failure)
Press: ? - help, Shift-Dir - straight line, f - ice beast
Aim: an ice beast (chance to affect: 36%)
Okay, then.
Casting: Slow (safe; 22% risk of failure)
Confirm with . or Enter, or press ? or * to list all spells.
A beastly little devil appears in a puff of flame.
The ice beast barely misses you.
You now have 6/13 mp.
Your crimson imp blinks!
Your crimson imp blinks!
Your crimson imp blinks!
Casting: Call Imp (safe; 6% risk of failure)
Confirm with . or Enter, or press ? or * to list all spells.
A metallic apparition takes form in the air.
The ice beast hits you.
* * * LOW HITPOINT WARNING * * *
The ice beast freezes you!
You die...

... #.# #.## # ###..## ..#
###.....# . .... ###
#....##.# .# #
#....####.###..### .# ..## .
#........#..># # ...#.
#...@Y..ยง5..# ...#
#.#.........## #.##
#.#..5.......# ## # ##..##
##.....##.....##...
###....#####....#####[.....#
##...#...#.....## ##....##
....####........# #....###
##..#####.......## ##......#
#.......>.......###....###.#


You could see an ice beast, a friendly iron imp (summoned) and a friendly
crimson imp (summoned).

Vanquished Creatures
  2 hounds (D:4)
  A bullfrog skeleton (D:5)
  2 orc priests (D:3)
  2 iguanas (D:5)
  Natasha (thrice) (D:2)
  An orc wizard (D:3)
  4 worker ants
  4 gnolls (D:4)
  5 adders
  5 worms
  4 dart slugs
  7 orcs (D:3)
  A ball python (D:2)
  4 bats
  5 giant cockroaches
  6 goblins
  7 hobgoblins
  3 jackals (D:2)
  A quokka (D:3)
  6 frilled lizards
  7 kobolds
  4 rats (D:1)
84 creatures vanquished.

Vanquished Creatures (collateral kills)
  An orc (D:3)
1 creature vanquished.

Grand Total: 85 creatures vanquished

Notes
Turn   | Place    | Note
-------+----------+-------------------------------------------
     0 | D:1      | kaeus the Octopode Hedge Wizard began the quest for the
                  | Orb.
     0 | D:1      | Reached XP level 1. HP: 11/11 MP: 4/4
   228 | D:1      | Reached XP level 2. HP: 16/17 MP: 0/6
   311 | D:1      | Learned a level 2 spell: Call Imp
   314 | D:1      | Learned a level 2 spell: Slow
   951 | D:2      | Reached skill level 3 in Stealth
   955 | D:2      | Reached XP level 3. HP: 16/21 MP: 7/7
  1421 | D:2      | Noticed Natasha
  1434 | D:2      | Killed Natasha
  1435 | D:2      | Reached XP level 4. HP: 24/27 MP: 2/8
  1859 | D:2      | Found a sparkling altar of Nemelex Xobeh.
  1999 | D:2      | Noticed Natasha
  2010 | D:2      | Killed Natasha
  2011 | D:2      | Reached XP level 5. HP: 14/31 MP: 4/10
  2015 | D:2      | Learned a level 3 spell: Mephitic Cloud
  2248 | D:2      | Noticed Natasha
  2253 | D:2      | Killed Natasha
  2495 | D:2      | Found an ancient bone altar of Kikubaaqudgha.
  2727 | D:3      | Found a glowing golden altar of the Shining One.
  3070 | D:3      | Reached skill level 1 in Poison Magic
  3121 | D:3      | Reached skill level 4 in Stealth
  3121 | D:3      | Reached skill level 1 in Air Magic
  3541 | D:3      | Reached XP level 6. HP: 36/36 MP: 8/11
  4660 | D:4      | Found Unik's Antique Armour Boutique.
  4692 | D:4      | Reached XP level 7. HP: 35/41 MP: 9/13
  4934 | D:4      | Found a sparkling altar of Nemelex Xobeh.
  4935 | D:4      | Found a hide-covered altar of Uskayaw.
  5401 | D:5      | Entered Level 5 of the Dungeon
  5612 | D:5      | Reached skill level 5 in Stealth
  5693 | D:5      | Slain by an ice beast

Illustrated notes

Levels and vault maps discovered:
D:1:      minmay_arrival_open_corners, layout_loops_cross
D:2:      layout_basic, marbit_many_paths, grunt_ministairs_11,
          lemuel_tele_altar, uniq_natasha
D:3:      layout_loops_ring, tso_oasis_becter
D:4:      layout_basic, chequers_temple_overflow_statue_of_worship,
          serial_shops, shop
D:5:      layout_layer_cave, ebering_ghost_disaster_area, grunt_ministairs_9

Skill      XL: |  1  2  3  4  5  6  7 |
---------------+----------------------+-----
Stealth        | 3 4 5 |  5.1
Conjurations   | 2 |  2.0
Summonings     | 2 3 |  3.2
Translocations | 2 |  2.0
Poison Magic   | 1 2 |  2.0
Air Magic      | 1 2 |  2.0
Dodging        | 3 |  3.7
Spellcasting   | 4 |  4.2

Action                   |  1- 3 |  4- 6 |  7- 9 || total
-------------------------+-------+-------+-------++-------
Melee: Dagger            |    35 |   143 |    31 ||   209
       Constrict         |     6 |    29 |     7 ||    42
       Tentacles         |     6 |    22 |     7 ||    35
 Cast: Magic Dart        |    60 |   124 |    30 ||   214
       Call Imp          |       |     1 |     2 ||     3
  Use: Scroll            |     2 |     3 |       ||     5
Armor: Skin              |     6 |    32 |     4 ||    42
Dodge: Dodged            |    38 |    70 |    14 ||   122
